 Dungeon Crawl Stone Soup version 0.27-a0-323-gbd089401bb (webtiles) character file.

Game seed: 13369980593583523972

165 gimp the Magician (level 5, -18/35 HPs)
             Began as a Mummy Venom Mage on Feb 11, 2021.
             Demolished by an ogre
             ... wielding a +0 giant club
              (30 damage)
             ... on level 4 of the Dungeon.
             The game lasted 00:05:33 (3991 turns).

gimp the Magician (Mummy Venom Mage)                Turns: 3991, Time: 00:05:34

Health: -18/35     AC:  2    Str: 11    XL:     5   Next: 21%
Magic:  6/10       EV: 12    Int: 16    God:
Gold:   144        SH:  0    Dex: 12    Spells: 0/11 levels left

rFire    x . .     SeeInvis .   e - +0 dagger
rCold    + . .     Faith    .   (no shield)
rNeg     + + +     Spirit   .   a - +0 robe
rPois    ∞         Reflect  .   (no helmet)
rElec    .         Harm     .   (no cloak)
rCorr    .         Rampage  .   (no gloves)
Will     .....                  (no boots)
Stlth    ++........             (no amulet)
HPRegen  0.11/turn              (no ring)
MPRegen  0.12/turn              (no ring)

@: no status effects
A: no potions, fire vulnerability, cold resistance 1, negative energy resistance
3, torment resistance, unbreathing
a: no special abilities


You were on level 4 of the Dungeon.
You visited 1 branch of the dungeon, and saw 4 of its levels.

You collected 144 gold pieces.

Inventory:

Hand Weapons
 e - a +0 dagger (weapon)
Armour
 a - a +0 robe (worn)
Jewellery
 i - an amulet of guardian spirit
Wands
 c - a wand of acid (11)
Scrolls
 d - 2 scrolls of immolation {unknown}
 f - a scroll of fog {unknown}
 g - 2 scrolls of teleportation {unknown}
 h - a scroll of blinking {unknown}
 j - 2 scrolls of magic mapping {unknown}
 k - a scroll of fear {unknown}
 l - a scroll of enchant armour
 m - a scroll of amnesia


   Skills:
 - Level 1.5 Dodging
 - Level 1.5 Stealth
 + Level 3.9 Spellcasting
 - Level 2.0 Transmutations
 * Level 1.1 Air Magic
 * Level 3.7 Poison Magic


You couldn't memorise any spells.
You knew the following spells:

 Your Spells              Type           Power        Failure   Level
a - Sting                 Tmut/Pois      48%          5%          1
b - Poisonous Vapours     Pois/Air       20%          10%         2
c - Mephitic Cloud        Conj/Pois/Air  8%           26%         3
d - Olgreb's Toxic Radia  Pois           15%          34%         4
e - Apportation           Tloc           6%           17%         1

Your spell library contained the following spells:

 Spells                   Type           Power        Failure   Level
 Animate Skeleton         Necr           6%           17%         1
 Corona                   Hex            3%           17%         1
 Summon Small Mammal      Summ           12%          17%         1
 Ignite Poison            Fire/Tmut/Pois 9%           24%         3


Dungeon Overview and Level Annotations

Branches:
Dungeon (4/15)
 Temple: D:4-7

Altars:
Okawaru
Xom
The Shining One

Annotations:
D:3 Grinder, Ijyb


Innate Abilities, Weirdness & Mutations

You do not drink.
Your flesh is vulnerable to fire.
You are immune to poison.
Your flesh is cold resistant. (rC+)
You are immune to negative energy. (rN+++)
You are immune to unholy pain and torment.
You can survive without breathing.


Message History

The sting hits the ogre.
The ogre is poisoned.
The ogre is lightly wounded.
You now have 9/10 mp.
Casting: Sting (safe; 5% risk of failure)
Confirm with . or Enter, or press ? or * to list all spells.
Aiming: Sting (safe; 5% risk of failure)
Press: ? - help, Shift-Dir - straight line, f/p - ogre
Aim: an ogre, wielding a +0 giant club (lightly wounded, poisoned, 14% to evade)
The sting hits the ogre.
The ogre looks even sicker.
The ogre is moderately wounded.
The ogre closely misses you.
You now have 8/10 mp.
Casting: Sting (safe; 5% risk of failure)
Confirm with . or Enter, or press ? or * to list all spells.
Aiming: Sting (safe; 5% risk of failure)
Press: ? - help, Shift-Dir - straight line, f/p - ogre
Aim: an ogre, wielding a +0 giant club (moderately wounded, very poisoned, 14% to evade)
The sting hits the ogre but does no damage.
The ogre looks even sicker.
The ogre is moderately wounded.
The ogre hits you with a +0 giant club!!
Ouch! That really hurt!
You take 23 damage, and have 12/35 hp.
MASSIVE DAMAGE!!
You now have 7/10 mp.
Casting: Sting (safe; 5% risk of failure)
Confirm with . or Enter, or press ? or * to list all spells.
Aiming: Sting (safe; 5% risk of failure)
Press: ? - help, Shift-Dir - straight line, f/p - ogre
Aim: an ogre, wielding a +0 giant club (moderately wounded, very poisoned, 14% to evade)
The sting misses the ogre.
You now have 6/10 mp.
Casting: Sting (safe; 5% risk of failure)
Confirm with . or Enter, or press ? or * to list all spells.
Aiming: Sting (safe; 5% risk of failure)
Press: ? - help, Shift-Dir - straight line, f/p - ogre
Aim: an ogre, wielding a +0 giant club (severely wounded, very poisoned, 14% to evade)
The sting hits the ogre.
The ogre looks even sicker.
The ogre is severely wounded.
The ogre hits you with a +0 giant club!!
Ouch! That really hurt!
You die...

# #########.#
#@O.....$.# #
#......#...(.#
#.######.# ###.#
#......#.# #...#.#
#.....#
#################..####
...................#
#################.##


You could see an ogre (very poisoned).

Vanquished Creatures
  11 adders
  3 worms
  3 dart slugs
  A leopard gecko (D:2)
  4 giant cockroaches
  9 goblins
  5 hobgoblins
  3 kobolds
  8 bats
  6 frilled lizards
  4 rats
57 creatures vanquished.

Notes
Turn   | Place    | Note
-------+----------+-------------------------------------------
     0 | D:1      | gimp the Mummy Venom Mage began the quest for the Orb.
     0 | D:1      | Reached XP level 1. HP: 13/13 MP: 4/4
   323 | D:1      | Reached skill level 1 in Transmutations
   502 | D:1      | Reached XP level 2. HP: 14/19 MP: 2/5
  1287 | D:2      | Found an iron altar of Okawaru.
  1508 | D:2      | Reached XP level 3. HP: 17/24 MP: 3/7
  1866 | D:2      | Learned a level 2 spell: Poisonous Vapours
  2048 | D:2      | Reached XP level 4. HP: 18/30 MP: 2/9
  2276 | D:2      | Found a shimmering altar of Xom.
  2433 | D:2      | Learned a level 3 spell: Mephitic Cloud
  2438 | D:2      | Learned a level 4 spell: Olgreb's Toxic Radiance
  2726 | D:3      | Found a glowing golden altar of the Shining One.
  2816 | D:3      | Noticed Ijyb
  3018 | D:3      | Noticed Grinder
  3108 | D:3      | Reached XP level 5. HP: 27/35 MP: 1/10
  3188 | D:3      | Learned a level 1 spell: Apportation
  3217 | D:3      | Reached skill level 1 in Air Magic
  3981 | D:4      | Noticed an ogre
  3991 | D:4      | Demolished by an ogre

Illustrated notes

Levels and vault maps discovered:
D:1:      dpeg_arrival_chambers_temple_mockup, layout_loops_corners
D:2:      layout_basic, lemuel_crystal_altar, xom_teletrap_fun
D:3:      layout_loops_ring, overflow_temple_1_default, uniq_ijyb, uniq_grinder
D:4:      layout_basic, overflow_temple_1_default, uniq_sigmund, uniq_menkaure

Skill      XL: |  1  2  3  4  5 |
---------------+----------------+-----
Transmutations | 1 2 |  2.0
Spellcasting   | 3 |  3.9
Poison Magic   | 3 |  3.7
Air Magic      | 1 |  1.1
Dodging        | |  1.5
Stealth        | |  1.5

Action                   |  1- 3 |  4- 6 || total
-------------------------+-------+-------++-------
Melee: Unarmed           |     1 |       ||     1
       Dagger            |       |     3 ||     3
 Cast: Sting             |    63 |    71 ||   134
  Use: Scroll            |     2 |     2 ||     4
Armor: Robe              |     1 |     4 ||     5
Dodge: Dodged            |    16 |    25 ||    41

Table legend: (Time is in decaauts)
 A = Elapsed time spent in this place.
 B = Non-inter-level travel time spent in this place.
 C = Inter-level travel time spent in this place.
 D = Time resting spent in this place.
 E = Time spent auto-exploring this place.
 F = Levels seen in this place.
 G = Mean time per level.
                   A        B        C        D        E       F      G
               +--------+--------+--------+--------+--------+-----+--------+
         Total |   3990 |   3864 |    126 |    204 |   3193 |   4 |  997.5 |
       Dungeon |   3990 |   3864 |    126 |    204 |   3193 |   4 |  997.5 |
               +--------+--------+--------+--------+--------+-----+--------+

Top non-repeatable levels by time:
     D:2: 1311 daAuts
     D:3: 1309 daAuts
     D:1: 1287 daAuts
     D:4: 83 daAuts
